 Dungeon Crawl Stone Soup version 0.31.0-9-g3a7656b989 (webtiles) character file.

Game seed: 8113784199174788805

133 qw the Ducker (level 4, -1/23 HPs)
             Began as a Spriggan Hunter on Feb 2, 2024.
             Slain by a goblin
             ... wielding a +0 whip
              (2 damage)
             ... on level 4 of the Dungeon.
             The game lasted 00:00:08 (1841 turns).

qw the Ducker (Spriggan Hunter)                     Turns: 1841, Time: 00:00:09

Health: -1/23      AC:  2    Str:  7    XL:     4   Next: 94%
Magic:  5/5        EV: 20    Int: 10    God:
Gold:   93         SH:  5    Dex: 20    Spells: 3/3 levels left

rFire   . . .        a - +0 shortbow
rCold   . . .        (shield currently unavailable)
rNeg    . . .        c - +0 robe
rPois   +            (helmet restricted)
rElec   .            (no cloak)
rCorr   +            (gloves unavailable)
SInv    +            (boots unavailable)
Will    .....        d - amulet of reflection
Stlth   ++           f - ring of poison resistance
HPRegen 0.23/turn    b - ring of resist corrosion
MPRegen 0.09/turn

%: reflection
@: very quick
A: very small, no large weapons, unfitting armour, see invisible, speed 3
a: no special abilities


You were on level 4 of the Dungeon.
You visited 1 branch of the dungeon, and saw 4 of its levels.

You collected 93 gold pieces.


Innate Abilities, Weirdness & Mutations

You are very small and have problems with some larger weapons.
You are too small for most types of armour.
You have supernaturally acute eyesight. (SInv)
You cover ground extremely quickly. (Speed+++)


   Skills:
 - Level 2.0 Fighting
 + Level 5.1 Ranged Weapons
 - Level 5.1 Dodging
 - Level 1.5 Stealth


You had 3 spell levels left.
You didn't know any spells.
Your spell library was empty.

Inventory:

Hand Weapons
 a - a +0 shortbow (weapon)
Armour
 c - a +0 robe (worn)
Jewellery
 b - a ring of resist corrosion (right hand)
 d - an amulet of reflection (around neck)
 f - a ring of poison resistance (left hand)
Potions
 g - a potion of might
 h - a potion of curing
 i - a potion of mutation

Dungeon Overview and Level Annotations

Branches:
Dungeon (4/15)
 Temple: D:4-7

Altars:
Ru
Uskayaw


Message History

The phantom is moderately damaged.
You shoot an arrow. The arrow barely misses the phantom.
The phantom hits you.
The phantom blinks!
You blink.
A goblin comes into view. It is wielding a +0 whip.
Found a dagger.
You shoot an arrow. The arrow barely misses the phantom.
The arrow hits the goblin.
The goblin is moderately wounded.
You hear a shout!
An adder comes into view.
A kobold comes into view. It is wielding a +0 dagger.
The phantom closely misses you.
You shoot an arrow.
The arrow hits the phantom but does no damage.
The phantom is lightly damaged.
The phantom closely misses you.
You shoot an arrow. The arrow hits the phantom!
The phantom is heavily damaged.
The phantom hits you.
The phantom blinks!
You blink.
An orc comes into view. It is wielding a +0 long sword.
The adder completely misses you.
1835 ||| RETREEEEATING.
You block the phantom's attack. The kobold closely misses you.
1836 ||| RETREEEEATING.
You shoot an arrow. The arrow barely misses the goblin.
You hear a bark!
The goblin completely misses you. The kobold misses you.
The orc hits you with a +0 long sword!
A hound comes into view.
You block the adder's attack.
You shoot an arrow. The arrow barely misses the goblin.
The goblin hits you with a +0 whip. The kobold misses you.
The orc closely misses you. The adder misses you. The goblin barely misses you.
The kobold closely misses you. The orc completely misses you.
1839 ||| RETREEEEATING.
You shoot an arrow. The arrow closely misses the goblin.
The adder misses you. The goblin hits you with a +0 whip. The adder misses you.
You shoot an arrow. The arrow barely misses the goblin.
The goblin hits you with a +0 whip.
You die...

.# ..# #.+
..# #.# ..#
###h# #@WK#
#g#S# #...#
#)#.# #...#
#.#$# #...#
#####.#####.
#<..........


You could see a phantom, a hound, an adder, a goblin and a kobold.

Vanquished Creatures
  4 gnolls (D:3)
  2 adders
  A dart slug (D:1)
  3 ribbon worms
  An orc (D:3)
  6 ball pythons
  7 endoplasms
  2 giant cockroaches (D:2)
  5 goblins
  7 hobgoblins
  6 kobolds
  4 quokkas
  5 bats
  4 frilled lizards
  10 rats
67 creatures vanquished.

Notes
Turn   | Place    | Note
-------+----------+-------------------------------------------
     0 | D:1      | qw the Spriggan Hunter began the quest for the Orb.
     0 | D:1      | Reached XP level 1. HP: 10/10 MP: 2/2
     0 | D:1      | 0 ||| qw: Version: 0.3-a-155-g5e7d8dd
     0 | D:1      | 0 ||| qw: Game counter: 1202
     0 | D:1      | 0 ||| qw: Melee chars always use a shield: true
     0 | D:1      | 0 ||| qw: God list: Okawaru
     0 | D:1      | 0 ||| qw: Allow faded altars: false
     0 | D:1      | 0 ||| qw: Do Orc after clearing Dungeon:15 true
     0 | D:1      | 0 ||| qw: Do second Lair branch before Depths: true
     0 | D:1      | 0 ||| qw: Lair rune preference: random
     0 | D:1      | 0 ||| qw: Goals: Normal
     0 | D:1      | 0 ||| PLANNING D:1-11
   135 | D:1      | Reached skill level 3 in Dodging
   181 | D:1      | Found a faded altar of an unknown god.
   243 | D:1      | Reached XP level 2. HP: 14/14 MP: 3/3
   649 | D:1      | Reached XP level 3. HP: 18/18 MP: 4/4
   680 | D:1      | 680 ||| UPGRADING to amulet of reflection.
   685 | D:1      | 685 ||| UPGRADING to ring of poison resistance.
   686 | D:1      | 686 ||| READING scroll labelled CIASOA KAISI.
   689 | D:1      | 689 ||| READING scroll labelled COOJABE DUNETA.
   690 | D:1      | 690 ||| READING scroll labelled KOUSHRA DUROED.
   690 | D:1      | 690 ||| IDENTIFYING purple potion
   691 | D:1      | 691 ||| DROPPING scroll of butterflies.
   692 | D:1      | 692 ||| DROPPING potion of attraction.
   973 | D:2      | Reached XP level 4. HP: 22/22 MP: 5/5
   997 | D:2      | Found a hide-covered altar of Uskayaw.
  1079 | D:2      | 1079 ||| UPGRADING to ring of resist corrosion.
  1080 | D:2      | 1080 ||| READING scroll of identify.
  1080 | D:2      | 1080 ||| IDENTIFYING fuming grey potion
  1081 | D:2      | 1081 ||| DROPPING potion of degeneration.
  1271 | D:3      | HP: 1/22 [gnoll/+0 spear (6)]
  1280 | D:3      | 1280 ||| FLEEEEING.
  1321 | D:3      | 1321 ||| FLEEEEING.
  1328 | D:3      | 1328 ||| FLEEEEING.
  1329 | D:3      | 1329 ||| FLEEEEING.
  1330 | D:3      | 1330 ||| FLEEEEING.
  1332 | D:3      | 1332 ||| FLEEEEING.
  1333 | D:3      | 1333 ||| FLEEEEING.
  1357 | D:3      | 1357 ||| FLEEEEING.
  1511 | D:3      | Found a sacrificial altar of Ru.
  1801 | D:3      | 1801 ||| READING 3 scrolls of identify.
  1801 | D:3      | 1801 ||| IDENTIFYING ruby potion
  1802 | D:3      | 1802 ||| READING 2 scrolls of identify.
  1802 | D:3      | 1802 ||| IDENTIFYING bubbling cyan potion
  1803 | D:3      | 1803 ||| READING scroll of identify.
  1803 | D:3      | 1803 ||| IDENTIFYING coppery potion
  1804 | D:3      | 1804 ||| DRINKING 2 dark potions.
  1805 | D:3      | 1805 ||| DROPPING potion of lignification.
  1828 | D:4      | Noticed a phantom
  1835 | D:4      | 1835 ||| RETREEEEATING.
  1836 | D:4      | 1836 ||| RETREEEEATING.
  1837 | D:4      | HP: 5/23 [orc/+0 long sword (8)]
  1839 | D:4      | 1839 ||| RETREEEEATING.
  1840 | D:4      | HP: 1/23 [goblin/+0 whip (4)]
  1841 | D:4      | Slain by a goblin

Levels and vault maps discovered:
D:1:      amcnicky_arrival_single_pillar, layout_basic, basic_ecumenical_altar,
          minmay_misc_feat_doors
D:2:      minmay_diamond_boxcup, layout_rooms, basic_altar, minmay_fountain_box,
          kennysheep_cluttered_room, st_stairs_6
D:3:      layout_loops_ring, old_standard_altar
D:4:      layout_basic, lemuel_coloured_pillars_altar, hangedman_minor_gate_pass

Skill      XL: |  1  2  3  4 |
---------------+-------------+-----
Dodging        | 3 4 5 |  5.1
Ranged Weapons | 5 |  5.1
Fighting       | 2 |  2.0
Stealth        | |  1.5

Action                     |  1- 3 |  4- 6 || total
---------------------------+-------+-------++-------
   Fire: Shortbow          |   129 |    85 ||   214
    Use: Scroll            |     3 |     4 ||     7
         Potion            |       |     1 ||     1
 Armour: Robe              |     6 |    12 ||    18
  Dodge: Dodged            |    41 |    42 ||    83
  Block: Other             |     5 |     4 ||     9

Table legend:
 A = Non-vault XP
 B = Vault XP
 C = Vault XP percentage of total XP
 D = Non-vault monster count
 E = Vault monster count
 F = Vault count percentage of total count
                 A         B        C        D         E       F
            +---------+---------+-------+---------+---------+-------
      Total |     176 |      15 |   7.9 |      60 |       7 |  10.4
            +---------+---------+-------+---------+---------+-------
        D:1 |      42 |       0 |   0.0 |      23 |       0 |   0.0
        D:2 |      43 |      15 |  25.9 |      19 |       7 |  26.9
        D:3 |      91 |       0 |   0.0 |      18 |       0 |   0.0
            +---------+---------+-------+---------+---------+-------
